 Dungeon Crawl Stone Soup version 0.23-b1-13-gf37ab262a9 (webtiles) character file.

Game seed: 5555231240230922651

60933 Majang the Destroyer (level 14, -25/105 HPs)
             Began as a Demonspawn Fire Elementalist on Feb 1, 2019.
             Was a High Priest of Vehumet.
             Annihilated by a large abomination (29 damage)
             ... on level 2 of the Abyss on Feb 3, 2019.
             The game lasted 02:47:38 (26339 turns).

Majang the Destroyer (DsFE)                        Turns: 26339, Time: 02:47:39

Health: -25/105    AC:  7    Str: 11    XL:     14   Next: 58%
Magic:  29/37      EV: 23    Int: 21    God:    Vehumet [*****.]
Gold:   1501       SH:  0    Dex: 19    Spells: 21/34 levels left

rFire    . . .     SeeInvis .   C - staff of conjuration
rCold    x . .     Gourm    .   (no shield)
rNeg     . . .     Faith    .   a - +0 robe
rPois    .         Spirit   .   (helmet unavailable)
rElec    .         Reflect  .   D - +0 cloak
rCorr    .         Harm     .   x - +1 pair of gloves (curse)
MR       ++...                  (no boots)
Stlth    ++++......             H - amulet of magic regeneration
HPRegen  0.67/turn              f - +3 ring of evasion
MPRegen  0.50/turn              g - ring of Harmony {rC- MP+9 Str+3 Dex+4 Stlth+}

@: confused
A: horns 3, talons 2, thin metallic scales 1, blurry vision 1, foul stench 2,
magic resistance 1, nightstalker 2, regeneration 1, rot immunity
a: Renounce Religion


You were on level 2 of the Abyss.
You worshipped Vehumet.
Vehumet was extremely pleased with you.
You were hungry.

You visited 3 branches of the dungeon, and saw 18 of its levels.
You visited the Abyss 1 time.
You also visited: Gauntlet.

You collected 1501 gold pieces.

Inventory:

Hand Weapons
 e - a +0 mace
Armour
 a - a +0 robe (worn)
 x - a cursed +1 pair of gloves (worn)
 D - a +0 cloak (worn)
Magical Staves
 A - an uncursed staff of wizardry
 C - an uncursed staff of conjuration (weapon)
Jewellery
 f - a +3 ring of evasion (left hand)
 g - the ring of Harmony (right hand) {rC- MP+9 Str+3 Dex+4 Stlth+}
   (You found it in a Gauntlet)

   [ring of magical power]

   It affects your strength (+3).
   It affects your dexterity (+4).
   It makes you vulnerable to cold.
   It affects your magic capacity (+9).
   It makes you more stealthy.
 s - an uncursed ring of poison resistance
 t - an uncursed ring of positive energy
 H - an amulet of magic regeneration (around neck)
 I - an uncursed ring of wizardry
Wands
 k - a wand of clouds (1)
 m - a wand of iceblast (6)
 o - a wand of digging (6)
Scrolls
 b - a scroll of enchant armour
 d - a scroll of fear
 h - 5 scrolls of identify
 l - 8 scrolls of remove curse
 r - 2 scrolls of amnesia
 u - 4 scrolls of teleportation
 z - 3 scrolls of fog
 B - 2 scrolls of immolation
 E - a scroll of magic mapping
 L - a scroll of holy word
Potions
 i - a potion of brilliance
 n - 2 potions of berserk rage
 p - 4 potions of might
 q - 2 potions of mutation
 w - 4 potions of agility
 F - 3 potions of haste
 G - a potion of cancellation
Miscellaneous
 j - a lightning rod (3/4)
 Q - a crystal ball of energy
 U - a phial of floods
Comestibles
 y - 23 rations


   Skills:
 - Level 8.0 Fighting
 - Level 8.0 Staves
 + Level 9.7 Dodging
 - Level 1.7 Stealth
 + Level 10.8 Spellcasting
 + Level 11.4 Conjurations
 + Level 11.0 Fire Magic
 + Level 7.2 Evocations


You had 21 spell levels left.
You knew the following spells:

 Your Spells              Type           Power        Failure   Level  Hunger
a - Flame Tongue          Conj/Fire      #####        1%          1    None
b - Conjure Flame         Conj/Fire      ######..     1%          3    None
c - Fireball              Conj/Fire      ######....   1%          5    ####...
n - Sticky Flame          Conj/Fire      ######..     1%          4    ##.....

Your spell library contained the following spells:

 Spells                   Type           Power        Failure   Level  Hunger
 Orb of Destruction       Conj           ######....   13%         7    #######
 Throw Flame              Conj/Fire      ######       1%          2    None
 Inner Flame              Hex/Fire       ####....     1%          3    None
 Animate Skeleton         Necr           N/A          6%          1    None
 Apportation              Tloc           ##....       6%          1    None
 Beastly Appendage        Tmut           ##....       6%          1    None
 Confusing Touch          Hex            ##....       6%          1    None
 Summon Small Mammal      Summ           ##..         6%          1    None
 Call Imp                 Summ           ##......     9%          2    None
 Shroud of Golubria       Chrm/Tloc      ##........   9%          2    None
 Sticks to Snakes         Tmut           ##......     9%          2    None
 Sublimation of Blood     Necr           ##........   9%          2    None
 Call Canine Familiar     Summ           ##......     19%         3    None
 Spider Form              Tmut/Pois      ##........   19%         3    None
 Summon Guardian Golem    Hex/Summ       ##......     19%         3    None
 Ice Form                 Ice/Tmut       ##......     52%         4    ##.....
 Summon Ice Beast         Ice/Summ       ##......     52%         4    ##.....
 Summon Lightning Spire   Summ/Air       ##......     52%         4    ##.....
 Spellforged Servitor     Conj/Summ      ######....   71%         7    #######
 Blade Hands              Tmut           ##........   86%         5    ####...
 Shadow Creatures         Summ           N/A          100%        6    ######.


Dungeon Overview and Level Annotations

Branches:
Dungeon (11/15)            Temple (1/1) D:6            Lair (6/6) D:10
  Swamp (0/4) Lair:3        Snake (0/4) Lair:2        Slime (0/5) Lair:6
    Orc (0/2) D:11

Altars:
Ashenzari
Gozag
Hepliaklqana
Kikubaaqudgha
Nemelex Xobeh
Qazlal
Ru
Sif Muna
Trog
Uskayaw
Vehumet
Wu Jian
Zin
The Shining One

Shops:
D:4 =   D:8 ?   D:9 (

Annotations:
D:3 2 transporters
D:5 2 runed translucent doors, FinalFate's ghost, novice MiBe
D:9 2 transporters, exclusion: obsidian statue, stillor's ghost, novice DsFi
Lair:6 2 runed translucent doors:dragon


Innate Abilities, Weirdness & Mutations

You have razor-sharp toenails.
You are partially covered in thin metallic scales. (AC +2)
You frequently emit foul miasma when damaged in melee.
You are significantly more attuned to the shadows.
You are immune to rotting.
You have a pair of large horns on your head.
Scrolls take you a little longer to read.
You are resistant to hostile enchantments. (MR+)
Your natural rate of healing is unusually fast.


Message History

Press: ? - help, Shift-Dir - straight line, f - tentacled starspawn
Aim: a tentacled starspawn (flame, lightly damaged)
You feel a surge of power!
The sticky flame hits the tentacled starspawn!
The tentacled starspawn is lightly damaged.
The tentacled starspawn is covered in liquid flames!
The large abomination burns!
The tentacled starspawn burns!
The large abomination completely misses you.
A small abomination comes into view.
Tentacles burst from the starspawn's body!
The tentacled starspawn is engulfed in blazing flames.
The tentacled starspawn bites you!!!
* * * LOW HITPOINT WARNING * * *
The tentacled starspawn barely misses you.
You hear a roar! 2 starspawn tentacles come into view.
You are confused.
You feel invigorated.
The large abomination burns!
The tentacled starspawn burns!
The large abomination hits you!!
You die...

. ##. #.. ...#
#.# . #..
#wX..... ##. .
.# #####
#...#X####.....
###. . ..#....
#.#####......
#####XXX#....
#@#.. ....
#wX##.#.....
#X# ..#.... .w.
#...#... .x.
.### ... ...


You could see 2 tentacled starspawn, 3 large abominations, a small abomination
and 2 starspawn tentacles.

Vanquished Creatures
  Rupert (Lair:3)
  Gastronok (Lair:2)
  A minotaur (Gauntlet)
  7 hydras
  2 two-headed ogres
  6 death yaks
  2 thrashing horrors
  A sixfirhy (Abyss:2)
  An unseen horror (D:11)
  2 lindwurms
  6 deep elf magi (D:11)
  An ugly thing (D:11)
  4 oklob plants (Lair:6)
  3 elephants (Lair:4)
  16 black mambas
  A torpor snail (Lair:6)
  3 naga magi (D:11)
  2 molten gargoyles (Lair:6)
  15 spiny frogs
  3 rime drakes
  12 komodo dragons
  A tyrant leech (Gauntlet)
  3 polar bears
  10 blink frogs
  25 dream sheep
  5 raiju (Abyss:2)
  9 hippogriffs
  A slime creature (Lair:6)
  A spriggan (D:8)
  12 yaks
  6 wyverns
  5 basilisks
  A hungry ghost (D:9)
  5 small abominations
  2 nagas (Lair:2)
  A soldier ant (D:11)
  2 swamp worms (Gauntlet)
  12 water moccasins
  4 hell hounds (Lair:6)
  6 porcupines
  4 orc warriors
  An ice beast (D:5)
  4 boggarts (Lair:5)
  14 wolves
  2 ogres (D:9)
  3 centaurs
  9 crocodiles
  A big kobold (D:10)
  9 bullfrogs
  A wyvern skeleton (D:9)
  5 scorpions
  7 electric eels
  10 wights
  A crimson imp (D:10)
  A centaur zombie (D:11)
  4 lava snakes (Lair:6)
  3 hounds
  4 jellies
  5 orc priests
  2 centaur skeletons
  A bullfrog skeleton (D:8)
  2 iguanas
  13 orc wizards
  2 worker ants
  A killer bee zombie (D:7)
  7 gnolls
  10 adders
  2 shadow imps
  An ufetubus (Abyss:2)
  4 oozes
  An adder skeleton (D:6)
  3 dart slugs
  4 worms
  3 leopard geckos
  40 orcs
  8 bats
  5 giant cockroaches
  7 goblins
  7 hobgoblins
  8 jackals
  15 kobolds
  6 quokkas
  6 frilled lizards
  A quokka skeleton (D:4)
  8 rats
  A plant (Lair:5)
457 creatures vanquished.

Vanquished Creatures (collateral kills)
  A death yak (Lair:6)
  A hell hound (Lair:6)
2 creatures vanquished.

Vanquished Creatures (others)
  11 fungi
  14 plants
  4 starspawn tentacles (Abyss:2)
  2 withered plants (Gauntlet)
31 creatures vanquished.

Grand Total: 490 creatures vanquished

Notes
Turn   | Place    | Note
-------+----------+-------------------------------------------
     0 | D:1      | Majang the Demonspawn Fire Elementalist began the quest for
                  | the Orb.
     0 | D:1      | Reached XP level 1. HP: 13/13 MP: 3/3
   325 | D:1      | Gained mutation: You are partially covered in thin metallic
                  | scales. (AC +2) [demonic ancestry]
   325 | D:1      | Reached XP level 2. HP: 19/19 MP: 1/5
  1094 | D:2      | Gained mutation: You are immune to rotting. [demonic
                  | ancestry]
  1094 | D:2      | Reached XP level 3. HP: 24/24 MP: 3/6
  1128 | D:2      | Learned a level 3 spell: Conjure Flame
  1776 | D:2      | Gained mutation: You may emit foul miasma when damaged in
                  | melee. [demonic ancestry]
  1776 | D:2      | Reached XP level 4. HP: 30/30 MP: 2/8
  2061 | D:2      | Learned a level 4 spell: Sticky Flame
  2419 | D:3      | Found a transporter.
  2422 | D:3      | Noticed a kobold demonologist
  2430 | D:3      | Found a transporter.
  3054 | D:3      | Reached XP level 5. HP: 35/35 MP: 7/9
  3776 | D:4      | Found Gecedit's Jewellery Boutique.
  3823 | D:4      | Gained mutation: Scrolls take you a little longer to read.
                  | [potion of mutation]
  3823 | D:4      | Gained mutation: You evolve. [potion of mutation]
  4103 | D:4      | Found a sacrificial altar of Ru.
  4627 | D:5      | Entered Level 5 of the Dungeon
  4854 | D:5      | Noticed an ice beast
  4871 | D:5      | Killed an ice beast
  4871 | D:5      | Gained mutation: You frequently emit foul miasma when
                  | damaged in melee. [demonic ancestry]
  4871 | D:5      | Reached XP level 6. HP: 41/41 MP: 1/11
  5232 | D:5      | Found a runed translucent door.
  5236 | D:5      | Noticed FinalFate's ghost (novice MiBe)
  5443 | D:5      | Gained mutation: You have sharp toenails. [demonic
                  | ancestry]
  5443 | D:5      | Reached XP level 7. HP: 46/46 MP: 9/13
  5561 | D:5      | Found a runed translucent door.
  5968 | D:5      | Learned a level 5 spell: Fireball
  6129 | D:6      | Reached skill level 5 in Fire Magic
  6689 | D:6      | Reached skill level 5 in Conjurations
  6744 | D:6      | Reached skill level 5 in Spellcasting
  6745 | D:6      | Found a staircase to the Ecumenical Temple.
  6786 | Temple   | Entered the Ecumenical Temple
  6807 | Temple   | Became a worshipper of Vehumet
  7152 | D:6      | Reached XP level 8. HP: 24/52 MP: 5/15
  7463 | D:6      | Found a sacrificial altar of Ru.
  7816 | D:7      | Found an ancient bone altar of Kikubaaqudgha.
  8421 | D:7      | Found a hide-covered altar of Uskayaw.
  8509 | D:8      | Reached skill level 1 in Fighting
  8596 | D:8      | Noticed a komodo dragon
  8612 | D:8      | Killed a komodo dragon
  8612 | D:8      | Reached skill level 1 in Staves
  8716 | D:8      | Found Hiysche's Magic Scroll Shoppe.
  8732 | D:8      | Noticed a two-headed ogre
  8978 | D:8      | Found a stormy altar of Qazlal.
  9081 | D:8      | Killed a two-headed ogre
  9081 | D:8      | Reached XP level 9. HP: 63/63 MP: 3/18
  9627 | D:9      | Noticed an obsidian statue
  9635 | D:9      | Noticed an ice devil
  9635 | D:9      | Noticed a sixfirhy
  9637 | D:9      | Found a transporter.
  9638 | D:9      | Noticed stillor's ghost (novice DsFi)
  9924 | D:9      | Found a transporter.
  9931 | D:9      | Found Wudghu's Weapon Shop.
  9955 | D:9      | Noticed a two-headed ogre
  9955 | D:9      | a swamp worm changed into a two-headed ogre
  9964 | D:9      | a two-headed ogre changed into a slime creature
  9966 | D:9      | Noticed a sea snake
  9966 | D:9      | a slime creature changed into a sea snake
  9976 | D:9      | a sea snake changed into a slime creature
  9983 | D:9      | Noticed an eye of devastation
  9983 | D:9      | a slime creature changed into an eye of devastation
 10027 | D:9      | Noticed a merfolk
 10027 | D:9      | an eye of devastation changed into a merfolk
 10078 | D:9      | Noticed a lindwurm
 10078 | D:9      | a merfolk changed into a lindwurm
 10099 | D:9      | a lindwurm changed into a floating eye
 10183 | D:9      | Found a bloodstained altar of Trog.
 10329 | D:9      | Gained mutation: You have a pair of small horns on your
                  | head. [evolution]
 10500 | D:9      | Noticed a water nymph
 10529 | D:9      | Reached * piety under Vehumet
 10529 | D:9      | Offered knowledge of Sandblast by Vehumet.
 10625 | D:9      | Noticed a glowing orange brain
 10625 | D:9      | a water nymph changed into a glowing orange brain
 10663 | D:9      | Noticed a death drake
 10742 | D:9      | Gained mutation: You are slightly more attuned to the
                  | shadows. [demonic ancestry]
 10742 | D:9      | Reached XP level 10. HP: 62/72 MP: 0/20
 10901 | D:9      | Found an opulent altar of Gozag.
 11019 | D:10     | Entered Level 10 of the Dungeon
 11131 | D:10     | Noticed a death yak
 11131 | D:10     | Noticed a death yak
 11131 | D:10     | Noticed a death yak
 11132 | D:10     | Noticed a death yak
 11132 | D:10     | Noticed a death yak
 11132 | D:10     | Noticed a death yak
 11141 | D:10     | Killed a death yak
 11188 | D:10     | Killed a death yak
 11256 | D:10     | Reached skill level 5 in Dodging
 11469 | D:10     | Gained mutation: You are resistant to hostile enchantments.
                  | (MR+) [evolution]
 11488 | D:10     | Noticed a two-headed ogre
 11503 | D:10     | Killed a two-headed ogre
 11503 | D:10     | Reached skill level 5 in Fighting
 11846 | D:9      | Killed a death yak
 11916 | D:9      | Noticed a torpor snail
 11932 | D:9      | Noticed a death drake
 11932 | D:9      | a torpor snail changed into a death drake
 12057 | D:10     | Offered knowledge of Searing Ray by Vehumet.
 12108 | D:10     | Found a staircase to the Lair.
 12373 | D:10     | Killed a death yak
 12373 | D:10     | Reached skill level 5 in Staves
 12373 | D:10     | Reached XP level 11. HP: 51/81 MP: 7/22
 12377 | D:10     | Killed a death yak
 12578 | D:9      | Noticed a deep troll
 12581 | D:9      | a deep troll changed into a floating eye
 12653 | D:10     | Killed a death yak
 12782 | Lair:1   | Entered Level 1 of the Lair of Beasts
 12872 | Lair:1   | Reached ** piety under Vehumet
 13827 | Lair:1   | Upgraded the game from 0.23-b1-3-gdda8187c6f to
                  | 0.23-b1-6-ga921848b48
 13926 | Lair:2   | Noticed a five-headed hydra
 13926 | Lair:2   | Gained mutation: You have a pair of horns on your head.
                  | [evolution]
 13927 | Lair:2   | Noticed a four-headed hydra
 13934 | Lair:2   | Killed a four-headed hydra
 13936 | Lair:2   | Killed a five-headed hydra
 14059 | Lair:2   | Found a gate leading to a gauntlet.
 14066 | Gauntlet | Entered a Gauntlet
 14066 | Gauntlet | Found a transporter.
 14096 | Gauntlet | Found a runed translucent gate.
 14100 | Gauntlet | Found a transporter.
 14103 | Gauntlet | Found a transporter.
 14108 | Gauntlet | Noticed a green death
 14113 | Gauntlet | Found the ring of the Mage {Wiz MR++ Int+3}
 14113 | Gauntlet | Found a transporter.
 14113 | Gauntlet | Noticed a death scarab
 14132 | Gauntlet | Found a transporter.
 14135 | Gauntlet | Noticed a thrashing horror
 14152 | Gauntlet | Found a transporter.
 14155 | Gauntlet | Found a transporter.
 14166 | Gauntlet | Found a transporter.
 14238 | Gauntlet | Found a transporter.
 14241 | Gauntlet | Noticed a death scarab
 14256 | Gauntlet | Found a transporter.
 14259 | Gauntlet | Found a transporter.
 14261 | Gauntlet | Found a runed translucent gate.
 14261 | Gauntlet | Found a runed translucent gate.
 14261 | Gauntlet | Noticed a reaper
 14268 | Gauntlet | Found a transporter.
 14451 | Gauntlet | HP: 2/83 [thrashing horror (24)]
 14459 | Gauntlet | Killed a thrashing horror
 14764 | Gauntlet | Got a brightly glowing golden ring
 14836 | Gauntlet | Noticed a minotaur
 14845 | Gauntlet | Killed a minotaur
 14845 | Gauntlet | Reached XP level 12. HP: 52/91 MP: 8/24
 15005 | Lair:2   | Offered knowledge of Ignite Poison by Vehumet.
 15359 | Lair:2   | Noticed Gastronok
 15362 | Lair:2   | Noticed a four-headed hydra
 15375 | Lair:2   | Killed a four-headed hydra
 15381 | Lair:2   | Killed Gastronok
 15381 | Lair:2   | Reached skill level 1 in Evocations
 15702 | Lair:2   | Identified the ring of Harmony {rC- MP+9 Str+3 Dex+4
                  | Stlth+} (You found it in a Gauntlet)
 15734 | Lair:2   | Reached *** piety under Vehumet
 15980 | Lair:2   | Found a staircase to the Snake Pit.
 16700 | Lair:3   | Noticed a six-headed hydra
 16706 | Lair:3   | Killed a six-headed hydra
 16966 | Lair:3   | Noticed Rupert
 16988 | Lair:3   | Killed Rupert
 16988 | Lair:3   | Gained mutation: You are significantly more attuned to the
                  | shadows. [demonic ancestry]
 16988 | Lair:3   | Reached XP level 13. HP: 92/98 MP: 11/26
 17077 | Lair:3   | Found a staircase to the Swamp.
 17078 | Lair:3   | Offered knowledge of Force Lance by Vehumet.
 17397 | Lair:3   | Upgraded the game from 0.23-b1-6-ga921848b48 to
                  | 0.23-b1-13-gf37ab262a9
 18095 | Lair:4   | Reached skill level 10 in Conjurations
 18987 | Lair:5   | Reached **** piety under Vehumet
 19110 | Lair:5   | Offered knowledge of Lightning Bolt by Vehumet.
 19118 | Lair:5   | Gained mutation: You have a pair of large horns on your
                  | head. [evolution]
 19639 | Lair:5   | Reached skill level 10 in Fire Magic
 20117 | Lair:6   | Entered Level 6 of the Lair of Beasts
 20867 | Lair:5   | Reached skill level 5 in Evocations
 21404 | Lair:6   | Reached ***** piety under Vehumet
 21411 | Lair:6   | Reached skill level 10 in Spellcasting
 21411 | Lair:6   | Offered knowledge of Iron Shot by Vehumet.
 22913 | Lair:6   | Gained mutation: You have razor-sharp toenails. [demonic
                  | ancestry]
 22913 | Lair:6   | Reached XP level 14. HP: 105/105 MP: 28/28
 22986 | Lair:6   | Found a staircase to the Slime Pits.
 24292 | Lair:6   | Found a large runed translucent door.
 24318 | Lair:6   | Found a large runed translucent door.
 25110 | D:11     | Offered knowledge of Orb of Destruction by Vehumet.
 25116 | D:11     | Gained mutation: Your natural rate of healing is unusually
                  | fast. [evolution]
 25116 | D:11     | Lost mutation: You evolve. [end of evolution]
 25579 | D:11     | Found a staircase to the Orcish Mines.
 25780 | D:11     | Identified the Disquisition on Evil Summoning
 25815 | D:11     | Identified Jitomuta's Reference Book on Supportive
                  | Augmentations
 25824 | D:11     | Noticed a deep elf sorcerer
 25826 | D:11     | Cast into level 2 of the Abyss (a deep elf sorcerer)
 25894 | Abyss:2  | Noticed a starcursed mass
 26243 | Abyss:2  | Noticed an Executioner
 26249 | Abyss:2  | Noticed a cacodemon
 26273 | Abyss:2  | Noticed a starcursed mass
 26319 | Abyss:2  | Noticed a tentacled starspawn
 26320 | Abyss:2  | Noticed a tentacled starspawn
 26335 | Abyss:2  | Noticed a tentacled starspawn
 26338 | Abyss:2  | HP: 1/105 [tentacled starspawn (39)]
 26339 | Abyss:2  | Annihilated by a large abomination

Skill      XL: |  1  2  3  4  5  6  7  8  9 10 11 12 13 14 |
---------------+-------------------------------------------+-----
Fire Magic     | 3 4 5 6 7 8 9 10 11 | 11.0
Conjurations   | 2 3 4 5 6 7 8 9 10 11 | 11.4
Spellcasting   | 3 4 5 6 7 8 9 10 | 10.8
Dodging        | 3 4 5 6 7 9 |  9.7
Fighting       | 3 4 5 7 8 |  8.0
Staves         | 2 3 5 6 7 8 |  8.0
Evocations     | 3 5 7 |  7.2
Stealth        | |  1.7

Action                   |  1- 3 |  4- 6 |  7- 9 | 10-12 | 13-15 || total
-------------------------+-------+-------+-------+-------+-------++-------
Melee: Mace              |     7 |    81 |    69 |       |     1 ||   158
       Kick              |       |       |    17 |     1 |     3 ||    21
       Staff             |       |       |     4 |     2 |    10 ||    16
       Headbutt          |       |       |     1 |       |     4 ||     5
 Cast: Flame Tongue      |    57 |   127 |   220 |   181 |   264 ||   849
       Conjure Flame     |     3 |     3 |     7 |    42 |    19 ||    74
       Sticky Flame      |       |     3 |    10 |    56 |   116 ||   185
       Fireball          |       |       |     2 |    47 |    83 ||   132
Evoke: Wand              |       |     1 |     2 |    21 |    23 ||    47
       Phial of floods   |       |       |       |       |     1 ||     1
       Lightning rod     |       |       |       |       |     5 ||     5
  Use: Scroll            |       |    11 |     5 |     8 |     5 ||    29
       Potion            |       |    13 |     2 |     4 |     8 ||    27
  Eat: Chunk             |     3 |    10 |    11 |    17 |    34 ||    75
       Ration            |       |     1 |     2 |     5 |     4 ||    12
Armor: Robe              |     5 |    68 |    50 |    35 |    28 ||   186
Dodge: Dodged            |    19 |   153 |   119 |   123 |   284 ||   698
